 Dungeon Crawl Stone Soup version 0.20-a0-270-g8e735b6 (webtiles) character file.

70 gamerape the Slasher (level 4, 0/24 HPs)
             Began as a Vine Stalker Chaos Knight on Dec 9, 2016.
             Slain by a gnoll
             ... wielding a +0 halberd
              (10 damage)
             ... on level 2 of the Dungeon.
             The game lasted 00:04:56 (2374 turns).

gamerape the Slasher (Vine Stalker Chaos Knight)    Turns: 2374, Time: 00:04:57

Health: 0/24       AC:  5    Str: 15    XL:     4   Next: 21%
Magic:  0/5        EV: 11    Int: 12    God:    Xom [..*...]
Gold:   45         SH:  0    Dex: 14    Spells: 3/3 levels left

rFire  . . .     SeeInvis .     a - +0 falchion (chaos)
rCold  . . .     Gourm    .     b - +2 leather armour
rNeg   . . .     Faith    .     (no shield)
rPois  .         Spirit   +     (no helmet)
rElec  .         Reflect  .     (no cloak)
rCorr  .         Harm     .     (no gloves)
MR     .....                    (no boots)
Stlth  +.........               (no amulet)
                                (no ring)
                                (no ring)

@: no status effects
A: fangs 2, regeneration 1, magic shield, antimagic bite, no device heal 3, rot
immunity
a: Renounce Religion


You were on level 2 of the Dungeon.
You worshipped Xom.
You were a toy of Xom.
You were not hungry.

You visited 1 branch of the dungeon, and saw 3 of its levels.

You collected 45 gold pieces.

Inventory:

Hand Weapons
 a - a +0 falchion of chaos (weapon)
 q - a +1 spear of venom
Missiles
 i - 65 stones (quivered)
Armour
 b - a +2 leather armour (worn)
Scrolls
 g - a scroll of enchant armour {unknown}
 h - a scroll of enchant weapon {unknown}
 l - a scroll of fog {unknown}
 m - a scroll of blinking {unknown}
 o - 2 scrolls of magic mapping {unknown}
Potions
 e - a potion of might {unknown}
 f - a potion of magic {unknown}
 j - a potion of cancellation {unknown}
 k - a potion of degeneration {unknown}
 r - a potion of curing {unknown}
Comestibles
 c - a bread ration
 d - a beef jerky
 n - a meat ration
 p - 2 chunks of flesh


   Skills:
 + Level 3.0 Fighting
 + Level 3.6 Long Blades
 + Level 2.1 Armour
 + Level 1.3 Dodging
 + Level 0.3 Stealth


You had 3 spell levels left.
You didn't know any spells.

Dungeon Overview and Level Annotations

Branches:
Dungeon (3/15)

Altars:

Annotations:
D:3 Robin


Innate Abilities, Weirdness & Mutations

You have extremely sharp teeth.
Your natural rate of healing is unusually fast.
When hurt, damage is shared between your health and your magic reserves.
Your bite disrupts and absorbs the magic of your enemies.
Potions and wands cannot restore your health.
You are immune to rotting.


Message History

This raw flesh tastes terrible.
The gnoll shouts!
The gnoll shouts!
The gnoll closely misses you. The gnoll barely misses you.
The gnoll hits you from afar with a spear.
You hit the gnoll.
The gnoll is poisoned.
You bite the gnoll. You drain its power.
The gnoll is moderately wounded.
The gnoll barely misses you. x2
You closely miss the gnoll.
The gnoll is heavily wounded.
The gnoll shouts!
The gnoll hits you from afar with a spear.
The gnoll hits you with a halberd!
You hit the gnoll but do no damage.
The gnoll looks as sick as possible!
The gnoll is heavily wounded.
The gnoll barely misses you. The gnoll hits you with a halberd!
You die...
Xom howls with laughter!

#############...#
............'...#
########.####...#
########.#####'##
......(........###############
.............................#
########.###.#.###.###########
########.###.#.###.### #######
.............ggg@...># #.....#
.#######..##.#.###.### #.....#
.# #..##.#.# #.# #.....# .##
#..##.#g###.#####.....# ..##
#..##..g..............# ...#
#..<..#)###.#####.....# ...#
#.....#.# #.# #######
...#####.....#.###.#
#'.....#.....'.....#


You could see 3 gnolls.

Vanquished Creatures
  3 adders (D:2)
  3 worms (D:2)
  A giant cockroach (D:2)
  5 goblins
  7 hobgoblins
  6 bats (D:2)
  2 frilled lizards (D:1)
  6 kobolds
  3 rats (D:2)
36 creatures vanquished.

Notes
Turn   | Place    | Note
-------+----------+-------------------------------------------
     0 | D:1      | gamerape the Vine Stalker Chaos Knight began the quest for the Orb.
     0 | D:1      | Reached XP level 1. HP: 11/11 MP: 2/2
   839 | D:1      | Reached XP level 2. HP: 16/16 MP: 3/3
   930 | D:2      | XOM: noise
   936 | D:2      | XOM: harmless Hex miscast
  1119 | D:2      | XOM: divination: detect creatures
  1362 | D:2      | Reached XP level 3. HP: 18/20 MP: 4/4
  1623 | D:2      | Reached skill level 1 in Dodging
  2142 | D:3      | XOM: noise
  2217 | D:2      | Gained mutation: Your natural rate of healing is unusually fast. [Vine Stalker growth]
  2217 | D:2      | Reached XP level 4. HP: 11/24 MP: 5/5
  2217 | D:2      | XOM: divination: magic mapping
  2264 | D:3      | Noticed Robin
  2267 | D:3      | XOM: harmless Ice miscast
  2374 | D:2      | Slain by a gnoll

Vault maps used:
D:1:      dpeg_arrival_water_fire
D:3:      minitemple, serial_bayou_pond_a, kennysheep_generic_room_7, uniq_robin

Skill      XL: |  1  2  3 |
---------------+----------+-----
Long Blades    | 3 |  3.6
Fighting       | 3 |  3.0
Dodging        | 1 |  1.3
Armour         | 2 |  2.1
Stealth        | |  0.3

Action                   |  1- 3 |  4- 6 || total
-------------------------+-------+-------++-------
Melee: Falchion          |    94 |    13 ||   107
       Bite              |    27 |     5 ||    32
Throw: Stone             |     2 |       ||     2
 Stab: Paralysed         |     1 |       ||     1
       Petrifying        |     1 |       ||     1
  Eat: Chunk             |     4 |     1 ||     5
Armor: Leather armour    |    34 |     3 ||    37
Dodge: Dodged            |    52 |    12 ||    64
       Rpst.: Falchion   |    18 |     2 ||    20
